cohdb
Replays
Latest Replays
All Replays
Popular Replays
Top Player Replays
Match Explorer
How It Works
Community
CoH3 Stats
Reddit
Sign in to upload your games and track your stats! →
Sign in with Steam
Match 45199927
Unlisted
Match 45199927
Overview
Messages
Build Orders
End
Construct Infanterie Kompanie
Kettenkrad Recon Vehicle
MG 42 Machine Gun Team
Grenadier Squad
GrW 34 Mortar Team
Grenadier Squad
Construct Luftwaffe Kompanie
Medical Station
Selects Mechanized Battlegroup
Selects Raid Package
Support Elements
Flak 30 Anti-aircraft Gun Team
Wirbelwind Flakpanzer
Selects Spotting Scopes
Grenadier Squad
Pioneer Squad
Selects Wespe Self-propelled Artillery
Wespe Self-propelled Artillery
Marder III M Tank Destroyer
Selects Zeroing Artillery Barrage
Zeroing Artillery Barrage
Construct Panzer Kompanie
Jäger Squad
PIX3L_BOX
nhk6107
Unsafe
Chungsan
Maomao
asylumforlife
★Bab00n: XXL Ape★
玩的愉快
0
0
Comments
sign in to comment!
No comments posted yet!